[Event "XVI Memorial Lezcano Montalvo 2024"]
[Site "Gran Canaria"]
[Date "2024.03.29"]
[Round "7.32"]
[White "Lorenzo Ventura, Abel"]
[Black "Perez Garcia, Jimena"]
[Result "0-1"]
[ECO "B13"]
[WhiteElo "1772"]
[BlackElo "1992"]
[Annotator "NA RC"]
[PlyCount "38"]
[EventDate "2024.03.23"]
[EventType "swiss"]
[EventCountry "ESP"]
[SourceTitle "playchess.com"]
[Source "ChessBase"]
[SourceQuality "1"]
[TimeControl "5400+30"]

1. d4 d5 2. Bf4 c5 3. e3 cxd4 4. exd4 Nc6 5. c3 f6 6. Bd3 e5 7. dxe5 fxe5 8. Qh5+ g6 9. Bxg6+ hxg6 10. Qxh8 exf4 11. Qxg8 Bf5 12. Qh7 Ne5 13. Nf3 Nd3+ 14. Kd2 Qb6 15. Ne1 Qxf2+ 16. Kd1 Nxb2+ 17. Kc1 Nc4 18. Kd1 Bg4+ 19. Nf3 Ne3+ 0-1

[Event "XVI Memorial Lezcano Montalvo 2024"]
[Site "Gran Canaria"]
[Date "2024.03.29"]
[Round "7.33"]
[White "Vargas Tinoco, Martin Alonso"]
[Black "Martin Ramos, Daniel"]
[Result "0-1"]
[ECO "A45"]
[WhiteElo "1681"]
[BlackElo "1961"]
[Annotator "NA RC"]
[PlyCount "94"]
[EventDate "2024.03.23"]
[EventType "swiss"]
[EventCountry "ESP"]
[SourceTitle "playchess.com"]
[Source "ChessBase"]
[SourceQuality "1"]
[TimeControl "5400+30"]

1. d4 Nf6 2. Bf4 g6 3. Nc3 d5 4. Nb5 Na6 5. e3 c6 6. Nc3 Nc7 7. Nf3 Bg7 8. Be2 O-O 9. Ne5 Ne6 10. Bg3 a5 11. O-O Nd7 12. Nxd7 Qxd7 13. Na4 Qd8 14. c4 dxc4 15. Bxc4 Nc7 16. Nb6 Ra7 17. Qb3 a4 18. Qb4 Bf5 19. Rfd1 Na6 20. Bxa6 Rxa6 21. Nc4 Be6 22. b3 b5 23. Ne5 Qa8 24. Rac1 Bxe5 25. Bxe5 Re8 26. Rc2 axb3 27. axb3 Ra3 28. Rc3 Ra2 29. Rdc1 Rb2 30. Qc5 Bd5 31. f3 Qa2 32. R1c2 Rxc2 33. Rxc2 Qxb3 34. e4 Bc4 35. Rxc4 Qxc4 36. Qxc4 bxc4 37. Kf2 Rd8 38. Ke3 f6 39. Bc7 Rc8 40. Bb6 Rb8 41. Bc5 Kf7 42. d5 cxd5 43. exd5 Rb2 44. Kd4 Rxg2 45. d6 exd6 46. Bxd6 Rd2+ 47. Kc5 Rxd6 0-1

[Event "XVI Memorial Lezcano Montalvo 2024"]
[Site "Gran Canaria"]
[Date "2024.03.29"]
[Round "7.34"]
[White "Peters, Alexander John"]
[Black "Matos Espino, Carlos Silverio"]
[Result "1-0"]
[ECO "A07"]
[WhiteElo "1993"]
[BlackElo "1726"]
[Annotator "RC"]
[PlyCount "111"]
[EventDate "2024.03.23"]
[EventType "swiss"]
[EventCountry "ESP"]
[SourceTitle "playchess.com"]
[Source "ChessBase"]
[SourceQuality "1"]
[TimeControl "5400+30"]

1. Nf3 d5 2. g3 Nf6 3. Bg2 e6 4. O-O h5 5. c4 c6 6. d4 Nbd7 7. Nc3 Bd6 8. Bg5 b6 9. cxd5 cxd5 10. e4 Be7 11. exd5 exd5 12. Ne5 Bb7 13. Qa4 Kf8 14. Nxd7+ Nxd7 15. Bxe7+ Qxe7 16. Nxd5 Bxd5 17. Bxd5 Rd8 18. Qxa7 Nf6 19. Qxe7+ Kxe7 20. Rfe1+ Kf8 21. Bf3 Rxd4 22. Rac1 g6 23. Rc7 h4 24. Rc8+ Kg7 25. Rxh8 Kxh8 26. gxh4 Rxh4 27. Re7 Rf4 28. Kg2 Kg7 29. Rb7 Rb4 30. b3 Nh5 31. Bxh5 gxh5 32. Kf3 Kg6 33. Ke3 Kg7 34. Kf3 Kg6 35. Rc7 Kf6 36. Rc6+ Kg5 37. Rc4 Rb5 38. h4+ Kf5 39. b4 Rd5 40. Rc6 Rb5 41. a3 f6 42. Rc4 Rd5 43. a4 Rd3+ 44. Kg2 Rd6 45. a5 bxa5 46. bxa5 Ra6 47. Ra4 Ke5 48. Kf3 Kf5 49. Ke3 Ke5 50. Kd3 Kd5 51. Kc3 Kc5 52. Rf4 Rxa5 53. Rf5+ Kb6 54. Rxa5 Kxa5 55. Kd4 Kb4 56. f4 1-0

[Event "XVI Memorial Lezcano Montalvo 2024"]
[Site "Gran Canaria"]
[Date "2024.03.29"]
[Round "7.35"]
[White "Juan Miguel, Javier"]
[Black "Perez Celis, Alba"]
[Result "1-0"]
[ECO "D05"]
[WhiteElo "1597"]
[BlackElo "1854"]
[Annotator "NA RC"]
[PlyCount "109"]
[EventDate "2024.03.23"]
[EventType "swiss"]
[EventCountry "ESP"]
[SourceTitle "playchess.com"]
[Source "ChessBase"]
[SourceQuality "1"]
[TimeControl "5400+30"]

1. d4 d5 2. e3 Nf6 3. Bd3 e6 4. Nf3 Bd6 5. b3 O-O 6. Nbd2 Nbd7 7. Bb2 Qe7 8. Ne5 Ne8 9. c4 c6 10. O-O f5 11. f4 Nef6 12. Ndf3 Ne4 13. Bxe4 fxe4 14. Nxd7 Bxd7 15. Ne5 Be8 16. a4 Qh4 17. Qg4 Qh6 18. Ba3 Bxa3 19. Rxa3 Rf5 20. cxd5 cxd5 21. Rc1 g5 22. h4 Qxh4 23. Qxh4 gxh4 24. Ra2 b5 25. a5 Bh5 26. g4 hxg3 27. Rg2 Kh8 28. Rxg3 Rff8 29. Rc7 Rg8 30. Rxg8+ Rxg8+ 31. Kf2 a6 32. Rc6 Bd1 33. b4 h5 34. Rxe6 Kh7 35. Re7+ Rg7 36. Rxg7+ Kxg7 37. Kg3 Kh6 38. Kh4 Be2 39. Nf7+ Kg6 40. Ng5 Bg4 41. Kg3 Bc8 42. Nh3 Bg4 43. Ng1 Bd1 44. Nh3 Be2 45. f5+ Kxf5 46. Nf4 Bc4 47. Kh4 Bb3 48. Kxh5 Kf6 49. Ng6 Bd1+ 50. Kh6 Bg4 51. Nf4 Be6 52. Nxe6 Kxe6 53. Kg6 Kd6 54. Kf6 Kc6 55. Ke6 1-0

[Event "XVI Memorial Lezcano Montalvo 2024"]
[Site "Gran Canaria"]
[Date "2024.03.29"]
[Round "7.36"]
[White "Rivero Reyes, Alejandro"]
[Black "Camara Bordon, Luis Marcos"]
[Result "1-0"]
[ECO "C63"]
[WhiteElo "1799"]
[BlackElo "1718"]
[Annotator "NA RC"]
[PlyCount "81"]
[EventDate "2024.03.23"]
[EventType "swiss"]
[EventCountry "ESP"]
[SourceTitle "playchess.com"]
[Source "ChessBase"]
[SourceQuality "1"]
[TimeControl "5400+30"]

1. e4 e5 2. Nf3 Nc6 3. Bb5 f5 4. d3 Nd4 5. Nxd4 exd4 6. O-O Nf6 7. e5 Nd5 8. e6 c6 9. exd7+ Bxd7 10. Re1+ Be7 11. Bc4 O-O 12. Qf3 Bb4 13. Bxd5+ cxd5 14. Bd2 Bxd2 15. Qxd5+ Rf7 16. Nxd2 Qb6 17. Nc4 Qc6 18. Qxf7+ Kxf7 19. Ne5+ Kf6 20. Nxc6 Bxc6 21. Re2 g5 22. Rae1 g4 23. Re6+ Kg5 24. Rd6 h5 25. Rxd4 h4 26. Rd6 Rg8 27. Ree6 Rg7 28. d4 Be4 29. c4 Bb1 30. c5 Bxa2 31. Re5 a5 32. d5 a4 33. c6 bxc6 34. dxc6 a3 35. bxa3 Ra7 36. Re3 Ra5 37. Rc3 Re5 38. Rc1 g3 39. hxg3 hxg3 40. fxg3 Re3 41. Rd7 1-0

[Event "XVI Memorial Lezcano Montalvo 2024"]
[Site "Gran Canaria"]
[Date "2024.03.29"]
[Round "7.37"]
[White "Gonzalez Perdomo, Sergio"]
[Black "Lorenzo Merino, Hector"]
[Result "1-0"]
[ECO "B06"]
[WhiteElo "1792"]
[BlackElo "1586"]
[Annotator "NA RC"]
[PlyCount "73"]
[EventDate "2024.03.23"]
[EventType "swiss"]
[EventCountry "ESP"]
[SourceTitle "playchess.com"]
[Source "ChessBase"]
[SourceQuality "1"]
[TimeControl "5400+30"]

1. e4 d6 2. Nc3 g6 3. Nf3 Bg7 4. d4 c6 5. Be3 Qc7 6. Qd2 b5 7. Bd3 Bg4 8. a3 Bxf3 9. gxf3 Nd7 10. f4 e5 11. fxe5 dxe5 12. d5 a6 13. O-O-O c5 14. Rhf1 b4 15. axb4 cxb4 16. Nb1 a5 17. Bb5 h5 18. Qd3 Ngf6 19. f3 O-O 20. Bc6 Rac8 21. Nd2 Nb8 22. Ba4 Nfd7 23. d6 Qd8 24. Qb5 f5 25. Nc4 Nc6 26. Qd5+ Kh7 27. Bxc6 Nf6 28. Qb5 fxe4 29. Bb6 Bh6+ 30. Kb1 Rb8 31. Bxd8 Rxb5 32. Bxb5 Rxd8 33. fxe4 Nxe4 34. Rf7+ Kg8 35. Rd7 Rf8 36. Nxe5 Nc5 37. Bc4+ 1-0

[Event "XVI Memorial Lezcano Montalvo 2024"]
[Site "Gran Canaria"]
[Date "2024.03.29"]
[Round "7.38"]
[White "Bangiev, Katharina"]
[Black "Fernandez Hernandez, Javier"]
[Result "1-0"]
[ECO "B91"]
[WhiteElo "1779"]
[BlackElo "1690"]
[Annotator "NA RC"]
[PlyCount "67"]
[EventDate "2024.03.23"]
[EventType "swiss"]
[EventCountry "ESP"]
[SourceTitle "playchess.com"]
[Source "ChessBase"]
[SourceQuality "1"]
[TimeControl "5400+30"]

1. e4 c5 2. Nf3 d6 3. d4 cxd4 4. Nxd4 Nf6 5. Nc3 a6 6. g3 g6 7. Bg2 Bg7 8. O-O O-O 9. h3 Nbd7 10. a4 Rb8 11. Be3 Ne5 12. b3 Bd7 13. f4 Nc6 14. Nde2 Qc8 15. Kh2 b5 16. axb5 axb5 17. Nd5 Nxd5 18. exd5 Nb4 19. c3 Na6 20. Bd4 Nc5 21. Bxg7 Kxg7 22. Nd4 Bf5 23. Ra7 Rb7 24. Rxb7 Nxb7 25. Nxb5 Kg8 26. c4 Qc5 27. Qd4 Qb4 28. Qc3 Qc5 29. Re1 Ra8 30. Rxe7 Na5 31. Qf6 Rf8 32. Nd4 Bc8 33. Ne6 Bxe6 34. dxe6 1-0

[Event "XVI Memorial Lezcano Montalvo 2024"]
[Site "Gran Canaria"]
[Date "2024.03.29"]
[Round "7.40"]
[White "Matos Guedes, Silverio"]
[Black "Rossello Padron, Carlos"]
[Result "0-1"]
[ECO "B90"]
[WhiteElo "1675"]
[BlackElo "1792"]
[Annotator "NA RC"]
[PlyCount "46"]
[EventDate "2024.03.23"]
[EventType "swiss"]
[EventCountry "ESP"]
[SourceTitle "playchess.com"]
[Source "ChessBase"]
[SourceQuality "1"]
[TimeControl "5400+30"]

1. e4 c5 2. Nf3 d6 3. Nc3 Nf6 4. d4 cxd4 5. Nxd4 a6 6. Bd3 g6 7. Nd5 Nxd5 8. exd5 Qa5+ 9. Bd2 Qxd5 10. O-O Qxd4 11. Bc3 Qb6 12. Bxh8 f6 13. Re1 Nd7 14. Qf3 Ne5 15. Rxe5 dxe5 16. Rd1 Bd7 17. Qg3 O-O-O 18. Qh4 Bb5 19. c4 Rd4 20. Qxh7 Bxc4 21. Qh3+ Kb8 22. b3 Be6 23. Qf3 Bg4 0-1

[Event "XVI Memorial Lezcano Montalvo 2024"]
[Site "Gran Canaria"]
[Date "2024.03.29"]
[Round "7.41"]
[White "Roca Marrero, Fernando"]
[Black "Cabrera Ramos, Javier"]
[Result "0-1"]
[ECO "A06"]
[WhiteElo "1666"]
[BlackElo "1784"]
[Annotator "NA RC"]
[PlyCount "56"]
[EventDate "2024.03.23"]
[EventType "swiss"]
[EventCountry "ESP"]
[SourceTitle "playchess.com"]
[Source "ChessBase"]
[SourceQuality "1"]
[TimeControl "5400+30"]

1. Nf3 Nf6 2. b3 d5 3. Bb2 c5 4. g3 Bg4 5. Bg2 Nc6 6. d3 Qd7 7. Be5 Bxf3 8. Bxf3 Nxe5 9. Bg2 h5 10. h4 Nfg4 11. O-O g5 12. d4 Ng6 13. Nc3 e6 14. Qd3 gxh4 15. f4 hxg3 16. f5 exf5 17. Nxd5 Bg7 18. c3 h4 19. Rxf5 O-O 20. Qf3 Nh6 21. Rh5 Qg4 22. Rf1 cxd4 23. Qxg4 Nxg4 24. Be4 dxc3 25. Bxg6 Bd4+ 26. e3 fxg6 27. Rxf8+ Rxf8 28. Rxh4 c2 0-1

[Event "XVI Memorial Lezcano Montalvo 2024"]
[Site "Gran Canaria"]
[Date "2024.03.29"]
[Round "7.42"]
[White "Cabrera Martel, Isaac"]
[Black "Yuan, Yingjie"]
[Result "1/2-1/2"]
[ECO "D00"]
[WhiteElo "1655"]
[BlackElo "1771"]
[Annotator "NA RC"]
[PlyCount "69"]
[EventDate "2024.03.23"]
[EventType "swiss"]
[EventCountry "ESP"]
[SourceTitle "playchess.com"]
[Source "ChessBase"]
[SourceQuality "1"]
[TimeControl "5400+30"]

1. d4 Nf6 2. Nc3 d5 3. Bf4 e6 4. e3 Bb4 5. Bd3 c5 6. dxc5 Nbd7 7. Nf3 Qa5 8. O-O Bxc3 9. bxc3 Qxc3 10. Bd6 Nxc5 11. Nd4 a6 12. Qe2 Bd7 13. Rab1 Nfe4 14. Bxe4 Nxe4 15. Bb4 Qc7 16. Rfc1 e5 17. Nf3 a5 18. Be1 Rc8 19. Qd3 Bc6 20. Qa3 Ra8 21. c4 dxc4 22. Rxc4 f6 23. h3 Nd6 24. Rc5 b6 25. Rc2 Ne4 26. Rbc1 Nc5 27. Nd2 Qb7 28. f3 Bd5 29. Bf2 Bf7 30. Ne4 O-O 31. Nxc5 bxc5 32. Qxc5 Qb4 33. Qxb4 axb4 34. Be1 Rfb8 35. Rb2 1/2-1/2

[Event "XVI Memorial Lezcano Montalvo 2024"]
[Site "Gran Canaria"]
[Date "2024.03.30"]
[Round "8.1"]
[White "Larino Nieto, David"]
[Black "Akhvlediani, Irakli"]
[Result "1-0"]
[ECO "A01"]
[WhiteElo "2365"]
[BlackElo "2356"]
[Annotator "RC"]
[PlyCount "65"]
[EventDate "2024.03.23"]
[EventType "swiss"]
[EventCountry "ESP"]
[SourceTitle "playchess.com"]
[Source "ChessBase"]
[SourceQuality "1"]
[TimeControl "5400+30"]

1. e3 c5 2. b3 Nc6 3. Bb2 e5 4. Bb5 Nge7 5. Nf3 d6 6. d4 Qa5+ 7. Nc3 cxd4 8. exd4 a6 9. Bxc6+ Nxc6 10. O-O Bg4 11. h3 Bh5 12. dxe5 O-O-O 13. Qd3 Bg6 14. Qc4 dxe5 15. a3 Qc5 16. Qe2 Nd4 17. Nxd4 exd4 18. Na4 Qc6 19. c4 Bd6 20. Bxd4 Bc7 21. Rfd1 Rhe8 22. Be3 Be4 23. Nc5 Rxd1+ 24. Rxd1 f5 25. Nxe4 Qxe4 26. Qh5 f4 27. Ba7 b6 28. c5 b5 29. Bb6 Qe2 30. Qd5 Bxb6 31. Qa8+ Kc7 32. cxb6+ Kxb6 33. Rd6+ 1-0

[Event "XVI Memorial Lezcano Montalvo 2024"]
[Site "Gran Canaria"]
[Date "2024.03.30"]
[Round "8.3"]
[White "Kovchan, Alexander"]
[Black "Tutisani, Noe"]
[Result "1/2-1/2"]
[ECO "C78"]
[WhiteElo "2477"]
[BlackElo "2405"]
[Annotator "TA"]
[PlyCount "25"]
[EventDate "2024.03.23"]
[EventType "swiss"]
[EventCountry "ESP"]
[SourceTitle "playchess.com"]
[Source "ChessBase"]
[SourceQuality "1"]
[TimeControl "5400+30"]

1. e4 e5 2. Nf3 Nc6 3. Bb5 a6 4. Ba4 Nf6 5. O-O b5 6. Bb3 Bc5 7. c3 d6 8. a4 Rb8 9. d4 Bb6 10. axb5 axb5 11. Na3 {[%emt 0:00:40] White is slightly better.} O-O 12. Nxb5 Bg4 13. Bc2 {[%emt 0:00:35] Weighted Error Value: White=0.00 (flawless) /Black=0.00 (flawless) .  OK:         	White=2     	Black=1} 1/2-1/2

[Event "XVI Memorial Lezcano Montalvo 2024"]
[Site "Gran Canaria"]
[Date "2024.03.30"]
[Round "8.4"]
[White "Loiacono, Leonardo"]
[Black "Lianes Garcia, Marcos"]
[Result "1/2-1/2"]
[ECO "C59"]
[WhiteElo "2316"]
[BlackElo "2398"]
[Annotator "TA"]
[PlyCount "110"]
[EventDate "2024.03.23"]
[EventType "swiss"]
[EventCountry "ESP"]
[SourceTitle "playchess.com"]
[Source "ChessBase"]
[SourceQuality "1"]
[TimeControl "5400+30"]

1. e4 e5 2. Nf3 Nc6 3. Bc4 Nf6 4. Ng5 d5 5. exd5 Na5 6. Bb5+ c6 7. dxc6 bxc6 8. Be2 h6 9. Nf3 Bd6 (9... e4 $11 10. Ne5 Bc5) 10. d3 $16 O-O 11. Nc3 c5 12. Nd2 {[%emt 0:04:29] White is better.} Rb8 13. Nde4 Nc6 14. O-O Be7 15. Nxf6+ Bxf6 16. Bg4 Ba6 17. Bf3 Nd4 18. Be4 (18. Bd5 $16) 18... Be7 19. Qh5 ({White should play} 19. b3 $14) 19... f5 $11 (19... Nxc2 $2 20. Bxh6 Qd6 (20... gxh6 21. Qf5 Re8 22. Qh7+ Kf8 23. Qh8#) (20... Nxa1 $2 21. Bxg7 f5 22. Qg6 $18) 21. Bxg7 $18) 20. Bd5+ Kh7 21. Bb3 (21. Qd1 $11) 21... Bb7 (21... Rb6 $1 $15 22. f3 Rg6) 22. f4 Bd6 23. fxe5 Bxe5 24. Bd2 Qd6 {[%emt 0:00:46][%mdl 1024] ...f4 is the strong threat. Black has compensation.} 25. Rae1 Rbe8 26. Kh1 Bc6 27. Qh3 Rf6 {[%emt 0:01:34] aiming for ...Nxb3.} 28. Ba4 Bxa4 29. Nxa4 Nxc2 30. Rc1 Nb4 31. Nxc5 Nxa2 ({Better is} 31... Bxb2 $15 32. Rc4 (32. Bxb4 $2 {perishes.} Bxc1 33. a3 Be3 $19) 32... Nc6) 32. Rc2 Rb8 (32... Bf4 $11 33. Qh5 (33. Bxf4 Qxf4 34. g3 Qd6 $17) 33... Rff8) 33. Rxf5 {[%emt 0:01:13] Ne4 would now be deadly.} Rbf8 (33... Kh8 $11 34. Rxf6 Qxf6) 34. g4 $1 $16 Rxf5 35. gxf5 {[%emt 0:00:02] Strongly threatening Ne6.} Rb8 {[%emt 0:03:34] [#]} 36. Ne4 (36. Qg2 $1 $16) 36... Qd7 $1 $14 {[%emt 0:00:20][%cal Oa2b4] [#]} 37. b3 Nb4 $11 38. Bxb4 Rxb4 39. Kg2 Rxb3 40. Nc5 Qc6+ (40... Qc7 $15) 41. Qf3 Rb6 42. Qxc6 Rxc6 {[%emt 0:00:04][%mdl 4096] Endgame. KRB-KRN} 43. Rc4 $1 {[%emt 0:00:03] Prevents Bd4} Rf6 (43... a5 $5) 44. d4 {[%emt 0:00:11] The position is equal.} Bf4 45. Ra4 Rxf5 46. Rxa7 Rg5+ 47. Kf3 Bxh2 48. Ne6 Rg1 49. Rxg7+ Rxg7 50. Nxg7 Kxg7 {[%emt 0:00:04] KB-KP} 51. Kg2 Bd6 52. d5 Kf6 53. Kh3 Ke5 54. Kg2 Ke4 55. Kh1 Kxd5 {[%emt 0:01:24] Weighted Error Value: White=0.15 (very precise) /Black=0.15 (very precise) .  Mistake:       	White=5     	Black=5      Inaccurate:     	White=3     	Black=2      OK:         	White=17    	Black=16     Best:        	White=4     	Black=4      Strong:       	White=2     	Black=1} 1/2-1/2

[Event "XVI Memorial Lezcano Montalvo 2024"]
[Site "Gran Canaria"]
[Date "2024.03.30"]
[Round "8.5"]
[White "Calzetta Ruiz, Monica"]
[Black "Kurajica, Bojan"]
[Result "1/2-1/2"]
[ECO "B47"]
[WhiteElo "2239"]
[BlackElo "2444"]
[Annotator "TA"]
[PlyCount "73"]
[EventDate "2024.03.23"]
[EventType "swiss"]
[EventCountry "ESP"]
[SourceTitle "playchess.com"]
[Source "ChessBase"]
[SourceQuality "1"]
[TimeControl "5400+30"]

1. e4 c5 2. Nf3 Nc6 3. d4 cxd4 4. Nxd4 Qc7 5. Nc3 e6 $1 6. Qd3 a6 7. Nxc6 bxc6 8. Qg3 {[%emt 0:00:18] White is slightly better.} Qxg3 9. hxg3 d5 10. g4 Bb7 11. Bd3 e5 12. Bd2 Nf6 13. g5 Nd7 14. O-O-O {[%emt 0:02:49] White is more active.} Nc5 15. Rh2 Ne6 (15... d4 $11 {remains equal.} 16. Nb1 Bc8) 16. Rdh1 $16 Be7 17. Rxh7 Rg8 {[%emt 0:00:19] [#]} 18. g6 $1 fxg6 19. exd5 cxd5 20. Bxg6+ Kd7 21. Bf7 Rgf8 22. Bxe6+ Kxe6 23. Rxg7 Rxf2 $2 (23... Rae8 {keeps fighting.} 24. f3 d4) 24. Rh6+ Rf6 {[%emt 0:00:10][%cal Bf2f6,Bf6h6,Bh6h1][%mdl 32] [#]} 25. Bg5 (25. Rxe7+ $1 $18 Kxe7 26. Bg5) 25... Rxh6 $11 26. Rxe7+ ({Much weaker is} 26. Bxh6 Rh8 27. Bg5 Bxg5+ 28. Rxg5 d4 $11) 26... Kd6 27. Rxb7 Rh1+ 28. Kd2 Rg8 29. Rb6+ Kd7 30. Nxd5 {[%emt 0:01:16] aiming for Nf6+.} Rxg5 {[%emt 0:00:06][%mdl 4096] Endgame. KRR-KRN} 31. Ne3 a5 32. a4 {[%emt 0:04:40] The position is equal.} Rh4 33. b3 Rd4+ 34. Ke2 Re4 {[%emt 0:03:52][%cal Og5g3] Hoping for ...Rg3!} 35. Kd3 Rd4+ 36. Ke2 $1 Re4 {[%emt 0:01:30][%cal Og5g3] White must now prevent ...Rg3!} 37. Kd3 {[%emt 0:00:05] Black defended with fortune.   Weighted Error Value: White=0.17 (very precise) /Black=0.16 (very precise) .  Missed win:     	White=1     	---        Mistake:       	---       	Black=2      Inaccurate:     	White=3     	Black=1      OK:         	White=16    	Black=9      Best:        	White=5     	Black=8      Strong:       	White=1     	---} 1/2-1/2

[Event "XVI Memorial Lezcano Montalvo 2024"]
[Site "Gran Canaria"]
[Date "2024.03.30"]
[Round "8.6"]
[White "Omelja, Artem"]
[Black "Hernando Rodrigo, Jose Maria"]
[Result "1-0"]
[ECO "A84"]
[WhiteElo "2438"]
[BlackElo "2257"]
[Annotator "TA"]
[PlyCount "69"]
[EventDate "2024.03.23"]
[EventType "swiss"]
[EventCountry "ESP"]
[SourceTitle "playchess.com"]
[Source "ChessBase"]
[SourceQuality "1"]
[TimeControl "5400+30"]

1. d4 d5 2. c4 e6 3. Nc3 c6 4. e3 f5 5. f4 Nf6 6. Nf3 Be7 7. Bd3 O-O 8. O-O Ne4 9. Bd2 b6 10. Be1 Bb7 11. h3 {[%emt 0:00:30] White has an edge.} c5 12. cxd5 exd5 13. Qe2 Kh8 14. Rd1 cxd4 (14... Nd7 $11 {remains equal.}) 15. Nxd4 $16 Nc5 {[%emt 0:12:38] This costs Black the game.} (15... Qc8 $16) 16. Bxf5 $18 (16. Nxf5 $6 Nxd3 17. Qxd3 Na6 18. Nxe7 (18. Nxd5 Nc5 $18) 18... Qxe7 $16) 16... g6 {[%emt 0:12:18] [#] Repels Qh5} (16... Qe8 {was worth a try.} 17. Bb1 Nba6) 17. Bc2 Ba6 18. Ndb5 Bf6 19. b4 d4 20. bxc5 Qe8 21. exd4 (21. Qf3 dxc3 22. a4 (22. Qxa8 Bxb5 23. cxb6 axb6 $18) (22. Bxc3 Bxc3 23. Nxc3 Bxf1 $18) (22. Nxc3 Bxf1 23. Ne4 Be5 $18) 22... Bxb5 23. axb5 (23. Qxa8 Bxf1 24. Kxf1 Qxe3 $11)) 21... Qxe2 22. Nxe2 Bxb5 23. Bd3 Bxd3 24. Rxd3 bxc5 (24... Re8 $142) 25. dxc5 Na6 {[%emt 0:00:41] [#]} 26. Bf2 Rfe8 (26... Rac8 {is a better defense.} 27. Rc1 Rc6) 27. Rd2 Re4 28. Rc1 Rae8 (28... Be7 $142 29. c6 Rc8) 29. Kf1 g5 (29... Kg8 {might work better.} 30. Rd6 (30. c6 Bd8 $18) 30... Nc7 31. Rxf6 Rxe2) 30. Rd6 {[%emt 0:03:46][%csl LRa6,LRf6] White is clearly winning.} Nb4 31. Ng3 Rxf4 32. Nh5 Be5 33. Nxf4 Bxf4 34. Rc4 ({Not} 34. Bd4+ Kg8 $18) 34... Nxa2 35. Rd7 {[%emt 0:01:21] Weighted Error Value: White=0.36/Black=0.63.  Mistake:       	White=1     	Black=7      Inaccurate:     	White=2     	Black=3      OK:         	White=10    	Black=5      Best:        	---       	Black=1} 1-0